 Dungeon Crawl Stone Soup version 0.30-a0-297-g0ec75d9ef4 (webtiles) character file.

Game seed: 16147798392504200917

1091 NinjaNoafa the Cutter (level 8, -1/60 HPs)
             Began as a Merfolk Gladiator on Oct 19, 2022.
             Succumbed to a scorpion's poison
             ... on level 5 of the Dungeon.
             The game lasted 00:08:58 (4099 turns).

NinjaNoafa the Cutter (Merfolk Gladiator)           Turns: 4099, Time: 00:08:58

Health: -1/60      AC:  7    Str: 14    XL:     8   Next: 31%
Magic:  23/23      EV: 15    Int:  7    God:
Gold:   732        SH:  0    Dex: 18    Spells: 7/7 levels left

rFire   . . .      SeeInvis +    e - +1 dagger (speed)
rCold   . . .      Faith    +    (no shield)
rNeg    . . .      Spirit   .    b - +0 leather armour
rPois   .          Reflect  .    c - +2 helmet
rElec   .          Harm     .    (no cloak)
rCorr   .          Rampage  .    v - +0 pair of gloves
Will    .....                    (no boots)
Stlth   +++.......               s
                                   - Hermit's Pendant {Faith Invo=14 Evo=0 MP+5}
HPRegen 0.30/turn                f - +4 ring of slaying
MPRegen 0.18/turn                i - ring of see invisible

@: mighty, lethally poisoned (-1 -> -5), weak-willed, on berserk cooldown,
slowed, very slow
A: (nimble swimmer 2), mertail
a: no special abilities


You were on level 5 of the Dungeon.
You visited 1 branch of the dungeon, and saw 5 of its levels.

You collected 732 gold pieces.

Inventory:

Hand Weapons
 e - a +1 dagger of speed (weapon)
Missiles
 d - 2 throwing nets
 n - 76 stones
 u - 5 boomerangs (quivered)
 w - 2 curare-tipped darts
 y - a javelin
 A - 2 poisoned darts
Armour
 b - a +0 leather armour (worn)
 c - a +2 helmet (worn)
 v - a +0 pair of gloves (worn)
Jewellery
 f - a +4 ring of slaying (left hand)
 i - a ring of see invisible (right hand)
 s - the Hermit's Pendant (around neck) {Faith Invo=14 Evo=0 MP+5}
   (You found it on level 2 of the Dungeon)

   [amulet of faith]

   It sets your invocations skill to 14 and your evocations skill to 0.
   It allows you to gain divine favour quickly.
   MP:        It affects your magic capacity (+5).
Scrolls
 o - 2 scrolls of noise
 C - a scroll of amnesia {unknown}
 D - a scroll of butterflies {unknown}
Potions
 a - a potion of degeneration
 k - 2 potions of attraction
 m - 2 potions of mutation
 p - a potion of flight


   Skills:
 + Level 4.2 Fighting
 - Level 7.0 Short Blades
 - Level 2.0 Throwing
 - Level 7.0 Dodging
 - Level 7.0 Stealth


You had 7 spell levels left.
You didn't know any spells.
Your spell library contained the following spells:

 Spells                   Type           Power      Damage    Failure   Level
 Beastly Appendage        Tmut           0%         N/A       52%         1
 Magic Dart               Conj           0%         1d3       52%         1
 Call Imp                 Summ           0%         N/A       65%         2
 Sublimation of Blood     Necr           0%         N/A       65%         2
 Wereblood                Tmut           0%         N/A       65%         2
 Mephitic Cloud           Conj/Pois/Air  0%         N/A       87%         3
 Ozocubu's Armour         Ice            0%         N/A       87%         3
 Spider Form              Tmut/Pois      0%         N/A       87%         3
 Petrify                  Tmut/Erth      0%         N/A       99%         4
 Irradiate                Conj/Tmut      0%         3d11      100%        5
 Ozocubu's Refrigeration  Ice            0%         4d7       100%        7


Dungeon Overview and Level Annotations

Branches:
Dungeon (5/15)
 Temple: D:4-7

Altars:
Cheibriados
Kikubaaqudgha
Okawaru

Annotations:
D:4 Eustachio


Innate Abilities, Weirdness & Mutations

((You are very nimble when in or above water. (Stealth+, EV+, Speed+++)))
Your lower body shifts to a powerful aquatic tail in water.


Message History

You puncture the dart slug!
You kill the dart slug!
You puncture the scorpion!
The scorpion is heavily wounded.
The scorpion completely misses you. The orc barely misses you.
The scorpion stings you.
* * * LOW HITPOINT WARNING * * *
You are lethally poisoned!
The scorpion poisons you!
Things that are here:
a +4 war axe of freezing; a +0 robe; a potion of mutation You closely miss the scorpion.
The scorpion is heavily wounded.
* * * LOW HITPOINT WARNING * * *
You feel sick.
You puncture the scorpion!
You kill the scorpion!
* * * LOW HITPOINT WARNING * * *
You feel sick. The orc completely misses you.
Your Fighting skill increases to level 4!
You puncture the orc!
You kill the orc!
* * * LOW HITPOINT WARNING * * *
You feel sick.
* * * LOW HITPOINT WARNING * * *
You feel sick.
Items here: ))) †.
You feel a strong urge to attack something.
You are no longer berserk.
You are exhausted.
You feel yourself slow down.
* * * LOW HITPOINT WARNING * * *
You feel sick.
Things that are here:
a +4 war axe of freezing; a +0 robe; a potion of mutation
There is a lethal amount of poison in your body!
m - 2 potions of mutation (gained 1)
* * * LOW HITPOINT WARNING * * *
You feel sick.
You die...

. ... #####
....
##...##....
#..........
#.)........
#.)@.......
##...##....
#...## ...
#....# .
#....#
#....#....#
#...##....#
#...##....#
.......^..#


There were no monsters in sight!

Vanquished Creatures
  An ogre (D:4)
  2 centaurs (D:5)
  Blork the orc (D:5)
  6 scorpions
  A howler monkey (D:4)
  4 hounds
  A gnoll bouda (D:4)
  An iguana (D:4)
  5 gnolls
  6 adders
  A shadow imp (D:5)
  5 worms
  A dart slug (D:5)
  8 orcs
  10 ball pythons
  7 bats
  7 endoplasms
  7 giant cockroaches
  4 goblins
  4 hobgoblins
  9 jackals
  5 quokkas
  2 frilled lizards (D:1)
  9 kobolds
  5 rats
  2 bushes (D:2)
114 creatures vanquished.

Vanquished Creatures (others)
  2 plants (D:2)
2 creatures vanquished.

Grand Total: 116 creatures vanquished

Notes
Turn   | Place    | Note
-------+----------+-------------------------------------------
     0 | D:1      | NinjaNoafa the Merfolk Gladiator began the quest for the
                  | Orb.
     0 | D:1      | Reached XP level 1. HP: 16/16 MP: 1/1
    62 | D:1      | Reached skill level 1 in Stealth
   158 | D:1      | Reached XP level 2. HP: 22/22 MP: 2/2
   831 | D:2      | You fall into a shaft and drop 1 floor!
   914 | D:2      | Reached XP level 3. HP: 27/27 MP: 3/3
  1158 | D:2      | Found the Hermit's Pendant {Faith Invo=14 Evo=0 MP+5}
  1370 | D:2      | Found an iron altar of Okawaru.
  1402 | D:2      | Reached XP level 4. HP: 31/33 MP: 13/13
  1932 | D:3      | Found a snail-covered altar of Cheibriados.
  2185 | D:3      | Identified the +1 ring mail of Shrieking Brilliance
                  | {Slay+2}
  2521 | D:4      | Reached XP level 5. HP: 22/38 MP: 14/14
  2642 | D:4      | Noticed an ogre
  2657 | D:4      | Killed an ogre
  2658 | D:4      | Reached skill level 5 in Short Blades
  2658 | D:4      | Reached skill level 5 in Stealth
  2741 | D:4      | Reached XP level 6. HP: 26/44 MP: 16/16
  3487 | D:4      | Reached XP level 7. HP: 39/51 MP: 17/17
  3677 | D:4      | Reached skill level 5 in Dodging
  3869 | D:4      | Noticed Eustachio
  3917 | D:5      | Entered Level 5 of the Dungeon
  3946 | D:5      | Identified a scroll of acquirement
  4004 | D:5      | Found an ancient bone altar of Kikubaaqudgha.
  4047 | D:5      | Noticed Blork the orc
  4053 | D:5      | Reached XP level 8. HP: 36/58 MP: 18/18
  4060 | D:5      | Acquired 475 gold pieces
  4087 | D:5      | Killed Blork the orc
  4097 | D:5      | HP: 3/60 [poisoned by a scorpion]
  4098 | D:5      | HP: 1/60 [poisoned by a scorpion]
  4099 | D:5      | Succumbed to a scorpion's poison

Illustrated notes

Levels and vault maps discovered:
D:1:      onia_arrival_handbag, layout_basic
D:2:      layout_rooms, serial_forest, infiniplex_forest_straight_4,
          infiniplex_forest_end_1, infiniplex_forest_clump_tiny,
          infiniplex_forest_straight_5, infiniplex_forest_straight_1,
          infiniplex_forest_split, infiniplex_forest_lined_corner,
          infiniplex_forest_end_1, infiniplex_forest_corner_1,
          infiniplex_forest_side_room, basic_altar, cheibrodos_gnoll_hut
D:3:      layout_loops_ring, cheibrodos_worm_habitat
D:4:      minmay_chambers_of_twos, layout_basic,
          minmay_fractal_squares_diagonal_5, uniq_eustachio
D:5:      layout_gridville, lemuel_crystal_altar, uniq_blork_the_orc

Skill      XL: |  1  2  3  4  5  6  7  8 |
---------------+-------------------------+-----
Stealth        | 1 2 3 4 5 6 7 |  7.0
Short Blades   | 4 6 7 |  7.0
Dodging        | 7 |  7.0
Fighting       | 3 4 |  4.2
Throwing       | |  2.0

Action                   |  1- 3 |  4- 6 |  7- 9 || total
-------------------------+-------+-------+-------++-------
Melee: Rapier            |    90 |   169 |       ||   259
       Punch             |     1 |     5 |     4 ||    10
       Dagger            |       |   115 |   123 ||   238
Throw: Javelin           |     2 |     1 |       ||     3
       Throwing net      |       |     1 |       ||     1
  Use: Scroll            |       |     8 |     9 ||    17
       Potion            |       |       |     8 ||     8
 Stab: Sleeping          |     4 |     4 |     1 ||     9
       Held in net/web   |       |     1 |       ||     1
Armor: Leather armour    |    28 |    21 |    29 ||    78
Dodge: Dodged            |    73 |    75 |    84 ||   232

Table legend: (Time is in decaauts)
 A = Elapsed time spent in this place.
 B = Non-inter-level travel time spent in this place.
 C = Inter-level travel time spent in this place.
 D = Time resting spent in this place.
 E = Time spent auto-exploring this place.
 F = Levels seen in this place.
 G = Mean time per level.
                   A        B        C        D        E       F      G
               +--------+--------+--------+--------+--------+-----+--------+
         Total |   3933 |   3746 |    187 |      0 |   2773 |   5 |  786.6 |
       Dungeon |   3933 |   3746 |    187 |      0 |   2773 |   5 |  786.6 |
               +--------+--------+--------+--------+--------+-----+--------+

Top non-repeatable levels by time:
     D:4: 1309 daAuts
     D:2: 1002 daAuts
     D:1: 833 daAuts
     D:3: 651 daAuts
     D:5: 135 daAuts
